 Dungeon Crawl Stone Soup version 0.28.0-53-g5a82cb258f (webtiles) character file.

Game seed: 14671392602884423569

47 Gabide the Insei (level 3, -2/20 HPs)
             Began as a Vine Stalker Monk on June 7, 2022.
             Slain by a hobgoblin (4 damage)
             ... led by Robin
             ... on level 2 of the Dungeon.
             The game lasted 00:02:16 (1441 turns).

Gabide the Insei (Vine Stalker Monk)                Turns: 1441, Time: 00:02:16

Health: -2/20      AC:  2    Str: 13    XL:     3   Next: 70%
Magic:  0/4        EV: 13    Int: 10    God:
Gold:   99         SH:  0    Dex: 18    Spells: 2/2 levels left

rFire   . . .      SeeInvis .     - Unarmed
rCold   . . .      Faith    .   (no shield)
rNeg    . . .      Spirit   +   a - +0 robe
rPois   .          Reflect  .   (no helmet)
rElec   .          Harm     .   (no cloak)
rCorr   .          Rampage  .   (no gloves)
Will    .....                   (no boots)
Stlth   ++........              (no amulet)
HPRegen 0.06/turn               (no ring)
MPRegen 0.09/turn               (no ring)

@: no status effects
A: fangs 2, magic shield, antimagic bite, no potion heal 2
a: no special abilities


You were on level 2 of the Dungeon.
You visited 1 branch of the dungeon, and saw 2 of its levels.

You collected 99 gold pieces.

Inventory:

Armour
 a - a +0 robe (worn)
Scrolls
 b - a scroll of silence {unknown}
 c - a scroll of holy word {unknown}
 d - a scroll of amnesia {unknown}
Potions
 e - a potion of flight {unknown}
 f - a potion of mutation {unknown}


   Skills:
 + Level 3.2 Fighting
 + Level 2.9 Dodging
 - Level 2.4 Stealth
 + Level 3.5 Unarmed Combat


You had 2 spell levels left.
You didn't know any spells.
Your spell library was empty.

Dungeon Overview and Level Annotations

Branches:
Dungeon (2/15)

Altars:

Annotations:
D:2 Robin


Innate Abilities, Weirdness & Mutations

You have extremely sharp teeth.
When hurt, damage is shared between your health and your magic reserves.
Your bite disrupts and absorbs the magic of your enemies.
Potions cannot restore your health.


Message History

You hear a shout!
The goblin unwields a +0 club.
The goblin wields a +0 hunting sling.
The goblin shoots a stone.
The stone hits you.
You hit Robin but do no damage. You bite Robin, but do no damage.
Robin hits you but does no damage.
Press: ? - help, v - describe, . - travel, g - get item
Here: Robin, wielding a +0 whip, wearing a +0 animal skin and wearing a +0 helmet
Items here: )) †††.
The floor, spattered with blood.
Press: ? - help, v - describe, . - travel, g - get item
Here: Robin, wielding a +0 whip, wearing a +0 animal skin and wearing a +0 helmet
Items here: )) †††.
The floor, spattered with blood.
Unknown command.
A hobgoblin comes into view.
The hobgoblin shouts!
The goblin shoots a stone.
The stone hits you.
* * * LOW HITPOINT WARNING * * *
The goblin shoots a stone.
The stone hits you.
* * * LOW HITPOINT WARNING * * *
The hobgoblin barely misses you. The hobgoblin misses you.
Robin throws the goblin at you!
You hit the goblin. You bite the goblin.
You kill the goblin!
The hobgoblin hits you but does no damage.
The hobgoblin closely misses you. The hobgoblin closely misses you. x2
Things that are here:
a +0 hunting sling; a +0 club; 26 stones The hobgoblin completely misses you.
The goblin shouts!
Robin roars a battlecry!
The goblins go into a battle-frenzy!
The goblin hits you with a +0 club.
* * * LOW HITPOINT WARNING * * *
The goblin shouts!
You hit the goblin.
You kill the goblin!
The hobgoblin hits you.
You die...

....####.. ..... ........
..... #.###.####.....
#.P..g...#.....
######.#....P.......
.......+...$..#...#. ###
##########.......†P†....#
#..##.....g.###...)....#.##..
#..#....).g@).......P.#...
#.#......g###.##P.####.g...
#...g.....###........ .....
##.###...(..#.#####..#....g
#)# ######.#.## .##..gg.
#.### #....# # ..... #...#
##.#..#
#######.#######.##.##.
.......†g..g..g........


You could see Robin, 2 hobgoblins and a goblin (strong).

Vanquished Creatures
  A dart slug (D:1)
  3 ball pythons
  5 bats
  2 endoplasms
  A giant cockroach (D:1)
  12 goblins
  5 hobgoblins
  A quokka (D:2)
  4 frilled lizards
  3 kobolds
  6 rats (D:1)
43 creatures vanquished.

Vanquished Creatures (others)
  2 plants (D:2)
2 creatures vanquished.

Grand Total: 45 creatures vanquished

Notes
Turn   | Place    | Note
-------+----------+-------------------------------------------
     0 | D:1      | Gabide the Vine Stalker Monk began the quest for the Orb.
     0 | D:1      | Reached XP level 1. HP: 11/11 MP: 2/2
   315 | D:1      | Reached XP level 2. HP: 16/16 MP: 3/3
   751 | D:1      | Reached XP level 3. HP: 17/20 MP: 4/4
  1398 | D:2      | Noticed Robin
  1441 | D:2      | Slain by a hobgoblin

Illustrated notes

Levels and vault maps discovered:
D:1:      tarquinn_simple_flora_water_d, layout_loops_corners
D:2:      cheibrodos_old_hovel, layout_rooms, kennysheep_generic_room_10,
          uniq_natasha, uniq_robin

Skill      XL: |  1  2 |
---------------+-------+-----
Fighting       | 3 |  3.2
Dodging        | |  2.9
Stealth        | |  2.4
Unarmed Combat | |  3.5

Action                   || total
-------------------------++-------
Melee: Unarmed           ||    94
       Bite              ||    16
       Punch             ||     1
 Stab: Sleeping          ||    10
       Distracted        ||     1
Armor: Robe              ||    14
Dodge: Dodged            ||    63
